Map: Terrasses de Prion

Players

MelloW (Nina)

  • Race: Protoss Protoss
  • League: Grandmaster

AcerBly (Bly) - Winner!

  • Race: Zerg Zerg

Event: NationWars III

VOD

Have the link to the VOD?

Description

Time

  • Played on: Nov. 19, 2015, 7:13 p.m.
  • Length: 14:21
Show
View Real Time Build Order
Export as new Build Order

MelloW Protoss 

Build Orders: 1 Gate Expand 

Get SALT Encoding   

  12  0:01  Probe (Chrono Boost)  
  13  0:11  Probe (Chrono Boost)  
  14  0:18  Pylon  
  14  0:22  Probe (Chrono Boost)  
  15  0:36  Probe (Chrono Boost)  
  15  0:37  Gateway  
  16  0:47  Probe (Chrono Boost)  
  16  0:49  Assimilator  
  17  0:57  Probe (Chrono Boost)  
  18  1:08  Probe (Chrono Boost)  
  19  1:19  Nexus  
  19  1:22  Probe (Chrono Boost)  
  20  1:31  Cybernetics Core  
  20  1:36  Probe (Chrono Boost)  
  21  1:46  Probe (Chrono Boost)  
  22  1:51  Pylon  
  22  1:56  Assimilator  
  22  1:57  Probe (Chrono Boost)  
  23  2:09  Adept (Chrono Boost)  
  23  2:12  Mothership Core  
  27  2:28  Warp Gate  
  27  2:30  Probe  
  27  2:33  Probe, Adept (Chrono Boost)  
  31  2:40  Probe  
  32  2:50  Pylon  
  32  2:51  Gateway  
  32  2:54  Probe  
  33  2:59  Pylon  
  33  3:00  Probe  
  33  3:01  Pylon  
  34  3:08  Adept (Chrono Boost)  
  34  3:10  Probe  
  36  3:29  Probe  
  36  3:31  Probe  
  37  3:38  Pylon  
  37  3:42  Mothership Core  
  37  3:45  Probe  
  38  3:56  Robotics Facility  
  38  3:57  Probe  
  38  4:01  Probe  
  39  4:09  Probe  
  41  4:12  Probe, Gateway  
  42  4:20  Pylon  
  42  4:21  Probe  
  42  4:22  Probe  
  44  4:33  Probe x2  
  46  4:40  Assimilator  
  46  4:43  Probe, Robotics Bay  
  46  4:44  Assimilator  
  47  4:45  Probe  
  47  4:50  Stalker  
  50  4:54  Probe  
  50  4:57  Probe, Pylon  
  52  5:01  Observer (Chrono Boost)  
  52  5:04  Probe  
  54  5:07  Stargate  
  54  5:11  Stargate  
  54  5:20  Nexus  
  54  5:22  Probe x2  
  54  5:25  Warp Prism (Chrono Boost)  
  54  5:28  Pylon  
  58  5:34  Probe  
  58  5:35  Probe  
  59  5:36  Pylon  
  59  5:42  Sentry  
  62  5:46  Pylon  
  62  5:51  Probe  
  62  5:54  Phoenix x2 (Chrono Boost)  
  67  5:58  Protoss Air Weapons Level 1  
  67  6:00  Probe  
  68  6:04  Probe  
  70  6:14  Probe  
  71  6:20  Immortal  
  71  6:21  Phoenix x2 (Chrono Boost)  
  71  6:22  Probe  
  79  6:26  Probe  
  79  6:30  Probe  
  81  6:34  Probe  
  81  6:35  Pylon  
  81  6:37  Pylon  
  82  6:41  Probe  
  82  6:43  Phoenix (Chrono Boost)  
  82  6:45  Phoenix (Chrono Boost)  
  87  6:50  Gateway  
  87  6:51  Probe  
  88  6:58  Gateway  
  88  7:01  Gateway  
  88  7:02  Probe  
  88  7:03  Probe  
  88  7:04  Phoenix (Chrono Boost)  
  90  7:09  Phoenix (Chrono Boost)  
  90  7:13  Probe  
  93  7:24  Probe  
  93  7:26  Phoenix (Chrono Boost)  
  96  7:30  Phoenix (Chrono Boost)  
  96  7:35  Probe  
  96  7:38  Assimilator  
  96  7:39  Adept  
  96  7:40  Adept x2  
  96  7:42  Assimilator  
  102  7:45  Probe  
  102  7:49  Pylon  
  103  7:56  Probe  
  104  7:59  Phoenix x2 (Chrono Boost)  
  108  8:06  Robotics Bay  
  108  8:07  Zealot x3  
  108  8:08  Zealot  
  116  8:26  Phoenix (Chrono Boost)  
  118  8:27  Observer  
  118  8:29  Phoenix (Chrono Boost)  
  121  8:35  Zealot x2  
  121  8:39  Pylon  
  125  8:41  Pylon  
  125  8:43  Pylon  
  125  8:57  Disruptor  
  125  8:58  Phoenix x2 (Chrono Boost)  
  125  8:59  Adept  
  125  9:00  Adept x3  
  140  9:06  Adept  
  140  9:07  Adept, Pylon  
  140  9:08  Pylon  
  140  9:09  Nexus  
  144  9:13  Pylon  
  143  9:20  Adept x2  
  147  9:33  Disruptor  
  147  9:37  Adept x2  
  147  10:00  Nexus, Pylon  
  147  10:02  Pylon  
  147  10:05  Adept  
  146  10:09  Pylon  
  146  10:11  Pylon  
  146  10:13  Pylon  
  144  10:18  Disruptor (Chrono Boost), Pylon  
  144  10:20  Pylon  
  147  10:26  Forge, Oracle  
  147  10:28  Forge  
  147  10:30  Oracle  
  153  10:35  Stalker x2  
  153  10:36  Stalker  
  153  10:38  Zealot  
  161  10:52  Stalker x2  
  165  10:58  Assimilator x2  
  165  11:00  Immortal (Chrono Boost)  
  165  11:02  Oracle  
  169  11:06  Oracle  
  173  11:24  Protoss Ground Weapons Level 1 (Chrono Boost)  
  173  11:26  Robotics Facility  
  173  11:34  Twilight Council  
  173  11:41  Disruptor  
  173  11:45  Assimilator  
  176  11:47  Assimilator  
  176  11:50  Photon Cannon  
  176  11:53  Photon Cannon  
  172  11:56  Photon Cannon  
  169  12:02  Stalker x3  
  175  12:16  Immortal  
  175  12:18  Gateway  
  175  12:19  Gateway  
  175  12:20  Probe  
  175  12:21  Photon Cannon x2  
  175  12:22  Immortal  
  184  12:23  Photon Cannon  
  184  12:26  Probe  
  184  12:27  Probe  
  186  12:34  Probe  
  187  12:38  Stalker  
  187  12:39  Stalker x3  
  195  12:48  Photon Cannon  
  195  12:53  Observer  
  194  13:04  Stalker x3  
  184  13:29  Stalker  
  184  13:30  Stalker x4  
  184  13:32  Disruptor  
  195  13:47  Templar Archives  
  128  14:05  Stalker x3  
  128  14:06  Stalker x2  
  116  14:11  Stalker x3  
Show
View Real Time Build Order
Export as new Build Order

AcerBly Zerg - Winner!

Build Orders: Hatch First, Lurkers 

Get SALT Encoding   

  12  0:01  Drone  
  13  0:12  Overlord  
  13  0:18  Drone  
  14  0:31  Drone x2  
  14  0:35  Drone  
  17  0:53  Hatchery  
  16  0:57  Drone  
  17  1:10  Spawning Pool  
  16  1:11  Drone  
  16  1:15  Drone  
  18  1:20  Drone  
  19  1:38  Hatchery  
  18  1:45  Overlord  
  18  1:57  Zergling x4  
  18  2:00  Zergling x2  
  21  2:05  Zergling x2, Queen  
  24  2:12  Drone  
  25  2:20  Drone  
  26  2:26  Queen  
  26  2:28  Overlord  
  26  2:29  Drone  
  29  2:35  Drone  
  30  2:39  Drone  
  31  2:44  Queen  
  31  2:47  Drone  
  34  2:52  Drone x2  
  34  2:56  Extractor  
  34  2:57  Extractor  
  34  2:59  Queen  
  34  3:04  Drone x2  
  37  3:10  Drone x3  
  40  3:14  Drone  
  40  3:17  Overlord  
  41  3:24  Drone x5  
  46  3:29  Spine Crawler  
  43  3:43  Zergling x8  
  47  3:50  Drone x2  
  47  3:51  Drone x5  
  54  3:57  Zergling x4  
  55  4:05  Drone x3  
  58  4:10  Extractor  
  58  4:14  Roach Warren  
  58  4:15  Drone x2  
  58  4:16  Extractor  
  57  4:22  Drone  
  58  4:25  Overlord x2  
  58  4:27  Lair  
  58  4:35  Overlord  
  57  4:40  Drone  
  57  4:43  Drone x2  
  57  4:44  Drone x6  
  57  4:45  Drone  
  66  4:52  Overlord  
  66  4:55  Overlord  
  66  4:56  Metabolic Boost, Drone x2  
  68  5:00  Extractor  
  68  5:01  Overlord  
  68  5:02  Extractor  
  66  5:10  Overlord  
  65  5:16  Drone  
  65  5:17  Drone x3  
  69  5:25  Glial Reconstitution  
  69  5:26  Spore Crawler  
  69  5:27  Hydralisk Den, Roach x9  
  85  5:38  Overseer  
  85  5:44  Hatchery  
  84  5:50  Roach  
  84  5:51  Roach x6  
  84  5:53  Overlord x2  
  84  5:54  Overlord x2  
  84  5:56  Lurker Den  
  98  6:16  Hydralisk x3  
  98  6:17  Hydralisk x6  
  116  6:32  Overlord  
  116  6:33  Overlord  
  114  6:51  Hydralisk x9  
  132  7:01  Drone x6, Spore Crawler x2  
  135  7:02  Overlord  
  135  7:07  Extractor  
  135  7:08  Overlord, Extractor  
  132  7:20  Overseer  
  132  7:23  Lurker x5  
  132  7:28  Zergling x22  
  148  7:33  Drone x3  
  148  7:34  Drone  
  152  7:39  Overlord  
  152  7:47  Pneumatized Carapace  
  152  7:48  Lurker x3  
  155  8:02  Overlord x2  
  155  8:07  Hydralisk x7  
  169  8:13  Drone  
  169  8:14  Drone, Spore Crawler  
  170  8:29  Spore Crawler  
  170  8:30  Spore Crawler  
  168  8:41  Spore Crawler, Infestation Pit  
  167  8:48  Hydralisk x7  
  162  8:54  Spore Crawler  
  175  8:58  Infestation Pit  
  175  9:00  Muscular Augments  
  174  9:16  Drone  
  177  9:17  Drone x6  
  177  9:20  Infestor  
  177  9:23  Spore Crawler  
  181  9:26  Spore Crawler  
  181  9:29  Spore Crawler  
  181  9:30  Spore Crawler  
  178  9:37  Hive  
  168  10:00  Infestor x3  
  173  10:17  Overlord x2  
  173  10:22  Drone  
  173  10:24  Spine Crawler  
  173  10:42  Hatchery  
  172  10:43  Evolution Chamber  
  172  10:44  Hatchery, Evolution Chamber  
  169  10:52  Ultralisk Cavern  
  169  10:55  Viper x3  
  169  10:56  Viper x2  
  175  11:07  Overlord x3  
  169  11:24  Zerg Ground Armor Level 1  
  159  11:26  Zerg Missile Weapons Level 1  
  153  11:41  Chitinous Plating  
  153  11:42  Ultralisk  
  153  11:43  Ultralisk x4  
  183  12:02  Ultralisk  
  183  12:04  Ultralisk  
  195  12:11  Drone  
  195  12:12  Drone x3  
  199  12:26  Drone  
Tags
 
Add a new tag
Caveats
  • Supply blocks, unpowered buildings, or Contaminate may cause inaccurate times.
  • Supply counts are checked every 10 seconds.